 Dungeon Crawl Stone Soup version 0.17.1-1-g73c8601 (webtiles) character file.

450 Implojin the Cleaver (level 6, -12/51 HPs)
             Began as a Minotaur Berserker on Apr 9, 2016.
             Was a Believer of Trog.
             Mangled by an ice beast (13 damage)
             ... on level 7 of the Dungeon.
             The game lasted 00:03:58 (684 turns).

Implojin the Cleaver (Minotaur Berserker)            Turns: 684, Time: 00:03:58

Health: -12/51     AC:  2    Str: 21    XL:     6   Next: 74%
Magic:  5/5        EV: 12    Int:  4    God:    Trog [**....]
Gold:   13         SH:  0    Dex: 12    Spells: 0 memorised, 5 levels left

rFire  . . .     SeeInvis .     a - +1 hand axe
rCold  . . .     Clarity  .     o - +0 robe (curse)
rNeg   . . .     SustAt   .     (no shield)
rPois  .         Gourm    .     (helmet restricted)
rElec  .         Spirit   .     (no cloak)
rCorr  .         Warding  .     (no gloves)
rMut   .         Stasis   .     (no boots)
MR     .....                    (no amulet)
Stlth  ..........               m - ring of loudness (curse)
                                h - ring of wizardry

@: exhausted, slowed, very slow, not resistant to hostile enchantments,
extremely unstealthy
A: retaliatory headbutt, horns 2
a: Berserk, Trog's Hand, Burn Spellbooks, Renounce Religion


You were on level 7 of the Dungeon.
You worshipped Trog.
Trog was pleased with you.
You were not hungry.

You visited 1 branch of the dungeon, and saw 7 of its levels.

You collected 13 gold pieces.

Inventory:

Hand Weapons
 a - a +1 hand axe (weapon)
Armour
 g - a +0 leather armour
 o - a cursed +0 robe (worn)
 p - a +0 pair of gloves
Jewellery
 h - a ring of wizardry (left hand)
 m - a cursed ring of loudness (right hand)
Wands
 l - a wand of paralysis (16)
Potions
 b - a potion of agility
 d - a potion of mutation
 e - a potion of poison {unknown}
 f - a potion of curing {unknown}
 j - a potion of flight {unknown}
 n - a potion of ambrosia {unknown}
Comestibles
 c - 5 bread rations
 i - a meat ration
 k - 4 chunks of flesh


   Skills:
 - Level 3.6 Fighting
 * Level 9.2 Axes
 - Level 2.4 Armour
 - Level 2.1 Dodging


You had 5 spell levels left.
You didn't know any spells.

Dungeon Overview and Level Annotations

Branches:
Dungeon (7/15)
 Temple: D:4-7

Altars:


Innate Abilities, Weirdness & Mutations

You reflexively headbutt those who attack you in melee.
You have a pair of horns on your head.


Message History

Unknown command.
Eat one of 5 chunks of flesh? (ye/n/q/i?) This raw flesh tastes terrible.
You continue eating. x2
You feel a strong urge to attack something.
You now have 13 gold pieces (gained 3).
You are no longer berserk.
You are exhausted.
You feel yourself slow down.
Found a stone staircase leading down.
Wear which item? (? for menu, Esc to quit)
Okay, then.
Wear which item? (? for menu, Esc to quit)
Okay, then.
Wear which item? (? for menu, Esc to quit)
Keep equipping yourself? [Y]es or [N]o only, please.
Keep equipping yourself? [Y]es or [N]o only, please.
Keep equipping yourself?
You stop putting on your armour.
You see here a worker ant corpse.
The ice beast hits you.
* * * LOW HITPOINT WARNING * * *
The ice beast freezes you.
* * * LOW HITPOINT WARNING * * *
The ice beast hits you.
* * * LOW HITPOINT WARNING * * *
The ice beast freezes you!
* * * LOW HITPOINT WARNING * * *
Unknown command.
Drink which item? (? for menu, Esc to quit)
Okay, then.
The ice beast closely misses you. You furiously retaliate!
You headbutt the ice beast. The ice beast barely misses you.
The ice beast hits you.
* * * LOW HITPOINT WARNING * * *
The ice beast freezes you!
You die...

#.....#.####......
#.....#..# #.....#
#.....#'####.....#
#................#
#....)........(..#
#................#
#................#
#Y#######........#
#@##### #........#
#.....# ##########
#####.# #...#
#.### #.# #####.#
#.....########
###.##.........#


You could see an ice beast.

Vanquished Creatures
  A spriggan (D:7)
  An ogre (D:7)
  A giant frog (D:7)
  A crimson imp (D:5)
  A jelly (D:6)
  A hound (D:7)
  2 worker ants (D:7)
  An adder (D:5)
  A worm (D:2)
  An adder skeleton (D:6)
  A giant gecko (D:6)
  A bat (D:1)
  2 goblins
  A kobold (D:1)
  A quokka (D:6)
  2 giant newts
  2 rats (D:3)
21 creatures vanquished.

Notes
Turn   | Place    | Note
--------------------------------------------------------------
     0 | D:1      | Implojin the Minotaur Berserker began the quest for the Orb.
     0 | D:1      | Reached XP level 1. HP: 19/19 MP: 0/0
   200 | D:1      | Reached skill level 4 in Axes
   218 | D:2      | Reached XP level 2. HP: 17/26 MP: 1/1
   247 | D:2      | You fall through a shaft!
   326 | D:5      | Entered Level 5 of the Dungeon
   345 | D:5      | Reached skill level 5 in Axes
   345 | D:5      | Reached XP level 3. HP: 19/31 MP: 2/2
   436 | D:6      | Reached skill level 6 in Axes
   436 | D:6      | Reached XP level 4. HP: 28/39 MP: 3/3
   541 | D:7      | Noticed an ogre
   549 | D:7      | Killed an ogre
   549 | D:7      | Reached skill level 7 in Axes
   549 | D:7      | Reached XP level 5. HP: 20/45 MP: 4/4
   579 | D:7      | Noticed a giant frog
   582 | D:7      | Killed a giant frog
   591 | D:7      | Noticed a spriggan baker
   598 | D:7      | Killed a spriggan baker
   598 | D:7      | Reached skill level 8 in Axes
   598 | D:7      | Reached XP level 6. HP: 24/51 MP: 5/5
   652 | D:7      | Reached skill level 9 in Axes
   655 | D:7      | Reached ** piety under Trog
   667 | D:7      | Noticed an ice beast
   678 | D:7      | HP: 2/51 [ice beast (14)]
   684 | D:7      | HP: 1/51 [ice beast (2)]
   684 | D:7      | Mangled by an ice beast

Action                   |  1- 3 |  4- 6 || total
-------------------------+-------+-------++-------
Melee: Hand axe          |    29 |    18 ||    47
Invok: Berserk           |       |     3 ||     3
  Use: Scroll            |       |     3 ||     3
  Eat: Chunk             |       |     2 ||     2

Table legend:
 A = Turns spent in this place as a percentage of turns spent in the entire game.
 B = Non-inter-level travel turns spent in this place as a percentage of non-inter-level travel turns spent in the entire game.
 C = Inter-level travel turns spent in this place as a percentage of turns spent in this place.
 D = Turns resting spent in this place as a percentage of non-inter-level travel turns spent in this place.
 E = Turns spent auto-exploring this place as a percentage of non-inter-level travel turns spent in this place.
 F = Non-inter-level travel turns spent in this place divided by the number of levels of this place that you've seen.
                   A       B       C       D       E      F
               +-------+-------+-------+-------+-------+----------------------
         Total | 100.0 | 100.0 |   0.0 |   0.0 |   0.0 |  97.4
       Dungeon | 100.0 | 100.0 |   0.0 |   0.0 |   0.0 |  97.4
               +-------+-------+-------+-------+-------+----------------------

Table legend:
 A = Kills in this place as a percentage of kills in entire the game.
 B = Kills by you in this place as a percentage of kills by you in the entire game.
 C = Kills by friends in this place as a percentage of kills by friends in the entire game.
 D = Other kills in this place as a percentage of other kills in the entire game.
 E = Experience gained in this place as a percentage of experience gained in the entire game.
 F = Experience gained in this place divided by the number of levels of this place that you have seen.
                   A       B       C       D       E      F
               +-------+-------+-------+-------+-------+----------------------
         Total | 100.0 | 100.0 |  -nan |  -nan | 100.0 |  92.0
       Dungeon | 100.0 | 100.0 |  -nan |  -nan | 100.0 |  92.0
               +-------+-------+-------+-------+-------+----------------------
